 Dungeon Crawl Stone Soup version 0.29-a0-43-g62a80824bf (webtiles) character file.

Game seed: 5315146789431220943

106 HallandMoats the Skirmisher (level 4, 0/29 HPs)
             Began as a Gargoyle Fighter on Feb 2, 2022.
             Was a Follower of Okawaru.
             Slain by an orc (4 damage)
             ... on level 3 of the Dungeon.
             The game lasted 00:02:13 (1437 turns).

HallandMoats the Skirmisher (Gargoyle Fighter)      Turns: 1437, Time: 00:02:13

Health: 0/29       AC: 10    Str: 20    XL:     4   Next: 84%
Magic:  5/5        EV: 13    Int:  8    God:    Okawaru [*.....]
Gold:   31         SH:  4    Dex: 11    Spells: 3/3 levels left

rFire   . . .      SeeInvis .   a - +0 war axe
rCold   . . .      Faith    .   c - +0 buckler
rNeg    + . .      Spirit   .   b - +0 scale mail
rPois   ∞          Reflect  .   (no helmet)
rElec   +          Harm     .   (no cloak)
rCorr   .          Rampage  .   (no gloves)
Will    +....                   (no boots)
Stlth   ..........              (no amulet)
HPRegen 0.09/turn               e - ring of willpower
MPRegen 0.09/turn               f - +4 ring of evasion

@: no status effects
A: sickness immunity, AC +3, negative energy resistance 1, electricity
resistance, torment resistance 1, petrification resistance
a: Renounce Religion, Heroism


You were on level 3 of the Dungeon.
You worshipped Okawaru.
Okawaru was aware of your devotion.
You visited 1 branch of the dungeon, and saw 3 of its levels.

You collected 53 gold pieces.
You spent 22 gold pieces at shops.

Inventory:

Hand Weapons
 a - a +0 war axe (weapon)
Armour
 b - a +0 scale mail (worn)
 c - a +0 buckler (worn)
Jewellery
 e - a ring of willpower (left hand)
 f - a +4 ring of evasion (right hand)
Scrolls
 h - a scroll of enchant armour
 j - 2 scrolls of identify
 l - a scroll of fear
Potions
 d - 2 potions of might
 g - 2 potions of lignification {unknown}
 i - a potion of curing {unknown}
 k - a potion of haste {unknown}
 n - a potion of magic {unknown}


   Skills:
 * Level 3.9 Fighting
 * Level 2.5 Axes
 + Level 3.7 Armour
 + Level 0.9 Dodging
 + Level 3.5 Shields
 * Level 2.1 Invocations


You had 3 spell levels left.
You didn't know any spells.
Your spell library contained the following spells:

 Spells                   Type           Power      Damage    Failure   Level
 Beastly Appendage        Tmut           0%         N/A       85%         1
 Wereblood                Tmut           0%         N/A       94%         2
 Spider Form              Tmut/Pois      0%         N/A       99%         3


Dungeon Overview and Level Annotations

Branches:
Dungeon (3/15)

Altars:
Elyvilon
Okawaru

Shops:
D:1 *


Innate Abilities, Weirdness & Mutations

You are immune to sickness and miasma.
Your stone body is resilient. (AC +3)
You are immune to poison.
You resist negative energy. (rN+)
You are resistant to electric shocks. (rElec)
You are resistant to unholy torment.
You are immune to petrification.


Message History

The orc's wounds heal themselves!
You closely miss the orc.
An orc comes into view. It is wielding a +2 dagger of speed.
The orc hits you but does no damage.
You slash the orc!
You kill the orc!
Okawaru accepts your kill.
The orc priest hits you but does no damage.
Things that are here:
a +0 dagger; an orc corpse You slash the orc priest!
The orc priest is severely wounded.
You closely miss the orc. The orc priest misses you.
The orc hits you with a +2 dagger of speed.
The orc priest misses you. The orc hits you but does no damage.
You completely miss the orc priest.
The orc priest is severely wounded.
You barely miss the orc. You block the orc's attack. The orc priest misses you.
The orc hits you but does no damage.
You barely miss the orc priest.
The orc priest is heavily wounded.
You barely miss the orc.
The orc priest hits you but does no damage.
The orc hits you but does no damage. You block the orc's attack.
The orc priest hits you with a +0 dagger.
* * * LOW HITPOINT WARNING * * *
You closely miss the orc priest.
The orc priest is heavily wounded.
You hit the orc but do no damage.
The orc hits you with a +2 dagger of speed.
* * * LOW HITPOINT WARNING * * *
The orc priest hits you with a +0 dagger.
* * * LOW HITPOINT WARNING * * *
The orc hits you but does no damage.
Unknown command.
You closely miss the orc priest.
The orc priest is heavily wounded.
You closely miss the orc.
The orc hits you with a +2 dagger of speed.
You die...

,,....#............,*,_,*,,,,,,,*
,,........###.....###.,,***,,,,,*
,,..#.....##....###.##***,***,,**
,,....##..#...###....#,*,,,,****
,,..................#*,**,,,,,,*
,*###.#...†.........#,,,*,,,,,,*
,***#*#.##≈........#*,,,**,,,,,**
,**,,,###≈≈≈.......#,,,,,*,,,,,,*
,*,≈,,,*#≈≈#.†).@o.#,,,,,*,,,,,,*
,*≈≈*≈≈≈#≈.#.....o...#,,,,,,,,,,*
,*≈≈*≈≈≈#≈≈#.........#,,,,,,,,,,*
,*≈≈*≈,≈#≈≈#.........#***********
,*≈≈*≈∩≈#≈≈#.........#
,*≈≈*≈,≈#≈≈#.........#
,*≈≈*≈≈≈*≈≈#>.......##
,≈≈≈**≈,,≈≈##......##
,≈≈≈***,,,**********


You could see an orc priest and an orc.

Vanquished Creatures
  Jessica (D:3)
  2 adders (D:3)
  A worm (D:3)
  2 dart slugs (D:2)
  2 orcs (D:3)
  3 endoplasms
  A giant cockroach (D:2)
  7 goblins
  8 hobgoblins
  3 jackals (D:3)
  2 kobolds (D:1)
  2 quokkas
  2 ball pythons
  5 bats
  2 frilled lizards (D:1)
  6 rats
49 creatures vanquished.

Notes
Turn   | Place    | Note
-------+----------+-------------------------------------------
     0 | D:1      | HallandMoats the Gargoyle Fighter began the quest for the
                  | Orb.
     0 | D:1      | Reached XP level 1. HP: 14/14 MP: 1/1
   189 | D:1      | Reached XP level 2. HP: 15/19 MP: 2/2
   253 | D:1      | Found a faded altar of an unknown god.
   272 | D:1      | Prayed at the altar of an unknown god.
   272 | D:1      | Became a worshipper of Warmaster Okawaru
   272 | D:1      | Reached * piety under Okawaru
   306 | D:1      | Reached skill level 1 in Invocations
   534 | D:1      | Found Loapp's General Store.
   547 | D:1      | Bought a scroll of identify for 22 gold pieces
   811 | D:2      | Reached XP level 3. HP: 23/23 MP: 3/3
   997 | D:2      | Found a white marble altar of Elyvilon.
  1355 | D:3      | Reached XP level 4. HP: 23/29 MP: 5/5
  1370 | D:3      | Noticed Jessica
  1374 | D:3      | Killed Jessica
  1437 | D:3      | Slain by an orc

Illustrated notes

Levels and vault maps discovered:
D:1:      dpeg_arrival_tiny_g, layout_basic, serial_shops, shop_fountains,
          basic_ecumenical_altar
D:2:      layout_loops_cross, basic_altar, st_stairs_13,
          nicolae_figureground_sparkle
D:3:      layout_rooms, nicolae_qazlal_eye_of_the_storm,
          nicolae_ashenzari_panopticon, amcnicky_altar_gilded,
          gup_sewer_entry_pipe, st_stairs_11, minmay_misc_feat_x, uniq_jessica

Skill      XL: |  1  2  3  4 |
---------------+-------------+-----
Axes           | 2 |  2.5
Invocations    | 1 2 |  2.1
Fighting       | |  3.9
Armour         | |  3.7
Dodging        | |  0.9
Shields        | |  3.5

Action                   |  1- 3 |  4- 6 || total
-------------------------+-------+-------++-------
Melee: War axe           |    88 |    41 ||   129
  Use: Scroll            |     5 |       ||     5
Armor: Scale mail        |    45 |    23 ||    68
Dodge: Dodged            |    62 |    44 ||   106
Block: Buckler           |    21 |    10 ||    31

Table legend: (Time is in decaauts)
 A = Elapsed time spent in this place.
 B = Non-inter-level travel time spent in this place.
 C = Inter-level travel time spent in this place.
 D = Time resting spent in this place.
 E = Time spent auto-exploring this place.
 F = Levels seen in this place.
 G = Mean time per level.
                   A        B        C        D        E       F      G
               +--------+--------+--------+--------+--------+-----+--------+
         Total |   1493 |   1469 |     24 |     13 |   1104 |   3 |  497.7 |
       Dungeon |   1493 |   1469 |     24 |     13 |   1104 |   3 |  497.7 |
               +--------+--------+--------+--------+--------+-----+--------+

Top non-repeatable levels by time:
     D:1: 713 daAuts
     D:2: 655 daAuts
     D:3: 124 daAuts
